 Dungeon Crawl Stone Soup version 0.32-a0-391-gce5c0aab1b (webtiles) character file.

Game seed: 15689795308077944126

168 seren the Charlatan (level 5, 0/57 HPs)
             Began as a Coglin Artificer on Feb 19, 2024.
             Was an Initiate of Beogh.
             Incinerated by a bombardier beetle (5 damage)
             ... with a burning spray
             ... on level 4 of the Dungeon.
             The game lasted 00:05:48 (1854 turns).

seren the Charlatan (Coglin Artificer)              Turns: 1854, Time: 00:05:49

Health: 0/57       AC: 22    Str: 12    XL:     5   Next: 49%
Magic:  5/5        EV:  2    Int: 10    God:    Beogh [......]
Gold:   125        SH:  0    Dex: 17    Spells: 4/4 levels left

rFire   . . .        l - +0 dagger {Caihong}
rCold   . . .        w - +0 short sword {Sanele}
rNeg    . . .        B - melded +0 ring mail
rPois   +            (helmet currently unavailable)
rElec   .            y - melded scarf {+Inv}
rCorr   .            C - melded +0 pair of gloves
SInv    .            r - melded +0 pair of boots
Will    +....        (no amulet)
Stlth   +            k - ring of willpower
HPRegen 0.29/turn    E - ring of poison resistance
MPRegen 0.09/turn

%: no passive effects
@: on fire, tree-form, glowing, revved, stiff-legged, very slow
A: stationary, stasis, torment immunity, boosted hp, off-hand wielding, slow
wielding, warmup strikes, (warmup strides)
a: Renounce Religion


You were on level 4 of the Dungeon.
You worshipped Beogh.
Beogh was noncommittal.
You were a tree.
You visited 1 branch of the dungeon, and saw 4 of its levels.

You collected 125 gold pieces.

Inventory:

Hand Weapons
 l - a +0 dagger (weapon) {Caihong}
 w - a +0 short sword (worn) {Sanele}
Missiles
 b - 6 boomerangs
 i - 4 darts of dispersal
 D - 15 poisoned darts
Armour
 r - a +0 pair of boots (melded)
 y - a scarf of invisibility (melded)
 B - a +0 ring mail (melded)
 C - a +0 pair of gloves (melded)
Jewellery
 k - a ring of willpower (left branch)
 v - a ring of flight
 E - a ring of poison resistance (right branch)
 F - a ring of protection from cold
Wands
 c - a wand of flame (15) (quivered)
 d - a wand of charming (15)
 e - a wand of iceblast (5)
 H - a wand of digging (5)
Scrolls
 a - a scroll of enchant armour {unknown}
 h - a scroll of blinking {unknown}
 j - 3 scrolls of teleportation {!r}
 m - a scroll of torment {unknown}
 n - a scroll of fog {unknown}
 o - a scroll of identify {unknown}
 p - a scroll of brand weapon {unknown}
 t - a scroll of noise {unknown}
 I - a scroll of silence {unknown}
 J - a scroll of immolation {unknown}
 L - a scroll of fear {unknown}
Potions
 f - 2 potions of invisibility {unknown}
 g - a potion of might {unknown}
 q - 2 potions of lignification
 s - a potion of cancellation {unknown}
 u - a potion of mutation {unknown}
 x - a potion of enlightenment {unknown}
 z - 4 potions of curing {unknown}
 A - a potion of degeneration {unknown}
 G - a potion of ambrosia {unknown}
 K - a potion of heal wounds {unknown}


   Skills:
 + Level 2.1 Fighting
 * Level 1.7 Short Blades
 + Level 2.5 Armour
 + Level 1.8 Dodging
 + Level 1.9 Stealth
 + Level 4.8 Evocations


You had 4 spell levels left.
You didn't know any spells.
Your spell library contained the following spells:

 Spells                   Type           Power      Damage    Failure   Level
 Inner Flame              Hex/Fire       0%         N/A       75%         3
 Flame Wave               Conj/Fire      0%         2d4       98%         4
 Sticky Flame             Fire/Alch      0%         2d4       98%         4


Dungeon Overview and Level Annotations

Branches:
Dungeon (4/15)
 Temple: D:4-7

Altars:
Kikubaaqudgha
Ru

Annotations:
D:4 exclusions: black bear and gnoll


Innate Abilities, Weirdness & Mutations

You are a tree.
Your roots penetrate the ground, keeping you stationary.
You cannot be teleported.
You are immune to unholy pain and torment.
Your maximum health is greatly increased.
Your equipment is partially melded.
You can wield a second weapon in your off-hand.
It takes a long time for you to wield or remove held weapons.
Your first few attacks do less damage.
((Your first movements take longer.))


Message History

You shake off some of the fire as you move.
The liquid fire burns you!
* * * LOW HITPOINT WARNING * * *
The bombardier beetle barely misses you.
You hit the bombardier beetle but do no damage.
The bombardier beetle is lightly wounded.
You hit the bombardier beetle but do no damage.
The liquid fire burns you!
* * * LOW HITPOINT WARNING * * *
You hit the bombardier beetle with your +0 short sword.
The bombardier beetle is moderately wounded.
You hit the bombardier beetle but do no damage.
The liquid fire burns you!
* * * LOW HITPOINT WARNING * * *
The bombardier beetle bites you but does no damage.
You hit the bombardier beetle but do no damage.
The bombardier beetle is moderately wounded.
You hit the bombardier beetle but do no damage.
The liquid fire burns you!
* * * LOW HITPOINT WARNING * * *
You hit the bombardier beetle with your +0 dagger.
The bombardier beetle is moderately wounded.
You hit the bombardier beetle with your +0 short sword.
The liquid fire burns you!
* * * LOW HITPOINT WARNING * * *
The bombardier beetle closely misses you.
You hit the bombardier beetle with your +0 short sword.
The bombardier beetle is severely wounded.
You hit the bombardier beetle with your +0 dagger.
The liquid fire burns you!
* * * LOW HITPOINT WARNING * * *
The scorpion barely misses you.
The bombardier beetle closely misses you.
It was a potion of lignification.
You turn into a tree.
Your scarf of invisibility melds into your body.
Your +0 pair of gloves melds into your body.
Your +0 pair of boots melds into your body.
Your +0 ring mail melds into your body.
Your roots penetrate the ground.
The liquid fire burns you!
You die...

.......#...#......#......#.......
.......#...#......#......#.......
########...#......#......#.....##
....+......#......##....#
.....#......###+#####....#
#............. #....#
#............. #....#
#..########............. #....+
..........#....♣B.......
..........#.....s..$....
..........###+##########
.........>.# ...........#
...........# .......<...#
############


You could see a scorpion and a bombardier beetle.

Vanquished Creatures
  A hound (D:4)
  3 adders
  3 dart slugs
  4 orcs (D:3)
  4 ball pythons
  5 endoplasms
  3 giant cockroaches
  7 goblins
  8 hobgoblins
  7 kobolds
  3 quokkas (D:1)
  3 bats
  A frilled lizard (D:2)
  5 rats
57 creatures vanquished.

Notes
Turn   | Place    | Note
-------+----------+-------------------------------------------
     0 | D:1      | seren the Coglin Artificer began the quest for the Orb.
     0 | D:1      | Reached XP level 1. HP: 15/15 MP: 1/1
    55 | D:1      | Reached skill level 1 in Dodging
    57 | D:1      | Reached skill level 1 in Stealth
    66 | D:1      | Reached XP level 2. HP: 5/21 MP: 2/2
   355 | D:1      | Reached XP level 3. HP: 22/26 MP: 3/3
   599 | D:2      | Found a sacrificial altar of Ru.
   717 | D:2      | Reached XP level 4. HP: 33/33 MP: 4/4
   981 | D:2      | Reached skill level 1 in Short Blades
  1231 | D:3      | Found an ancient bone altar of Kikubaaqudgha.
  1328 | D:3      | Became a worshipper of Beogh the Shepherd
  1333 | D:3      | Reached XP level 5. HP: 33/38 MP: 5/5
  1632 | D:4      | Noticed a black bear
  1854 | D:4      | Incinerated by a bombardier beetle

Illustrated notes

Levels and vault maps discovered:
D:1:      dpeg_arrival_round_b, layout_rooms
D:2:      layout_rooms, serial_curves, eino_curves_04, eino_curves_01,
          basic_altar, minmay_tetromino_l4
D:3:      layout_rooms, nicolae_kikubaaqudgha_miasma_corner
D:4:      layout_gridville

Skill      XL: |  1  2  3  4  5 |
---------------+----------------+-----
Dodging        | 1 |  1.8
Stealth        | 1 |  1.9
Armour         | 2 |  2.5
Short Blades   | 1 |  1.7
Fighting       | 2 |  2.1
Evocations     | |  4.8

Action                     |  1- 3 |  4- 6 || total
---------------------------+-------+-------++-------
  Melee: Club              |    70 |       ||    70
         Dagger            |    51 |   102 ||   153
         Short sword       |     7 |   102 ||   109
 Invoke: Convert to Beogh  |       |     1 ||     1
    Use: Scroll            |       |     1 ||     1
         Potion            |       |     1 ||     1
   Stab: Sleeping          |     4 |     2 ||     6
 Armour: Leather armour    |    43 |     8 ||    51
         Ring mail         |       |    48 ||    48
  Dodge: Dodged            |    52 |    42 ||    94

Table legend: (Time is in decaauts)
 A = Elapsed time spent in this place.
 B = Non-inter-level travel time spent in this place.
 C = Inter-level travel time spent in this place.
 D = Time resting spent in this place.
 E = Time spent auto-exploring this place.
 F = Levels seen in this place.
 G = Mean time per level.
                   A        B        C        D        E       F      G
               +--------+--------+--------+--------+--------+-----+--------+
         Total |   1967 |   1942 |     25 |     98 |   1052 |   4 |  491.8 |
       Dungeon |   1967 |   1942 |     25 |     98 |   1052 |   4 |  491.8 |
               +--------+--------+--------+--------+--------+-----+--------+

Top non-repeatable levels by time:
     D:1: 589 daAuts
     D:3: 557 daAuts
     D:2: 549 daAuts
     D:4: 270 daAuts
